AoeStats
← Exist2Destroy

Pilgrims

508749981Analyzed
3v3 RM · 10d ago on Sep 23, 2026· 40m 18s· 6 players
Game mode
Random Map
Map size
Normal (6 player)
Population
200
Speed
Normal
Resources
Standard
Victory
Conquest
Starting age
Dark Age
Ending age
Imperial Age
RankedLock teamsTeams togetherTeam positionsShared explorationLock speedFull tech treeHidden civsTurbo modeCheats
Victory
Defeat
🇩🇪 Maya · Germany
1330
+12
1283
+14
🇺🇸 Danes · United States
1278
+14
🇦🇷 Poles · Argentina
1251
-15
🇬🇧 Varangians · United Kingdom
1231
-13
🇧🇷 Armenians · Brazil
1216
-12
_188_Lara88_Arg_
12:32 Feudal Age
13:08 Double-Bit Axe
15:31 Horse Collar
17:40 Forging
17:35 Scale Barding Armor
17:43 Bloodlines
19:46 Castle Age
21:25 Iron Casting
21:11 Chain Barding Armor
20:16 Light Cavalry
20:58 Husbandry
23:11 Wheelbarrow
25:05 Loom
25:36 Hand Cart
25:35 Bow Saw
33:38 Imperial Age
32:25 Heavy Plow
33:41 Winged Hussar
35:24 Blast Furnace
33:57 Capped Ram
40:31 Crop Rotation
joshjng2009
5:36 Loom
11:46 Feudal Age
14:20 Town Watch
15:10 Wheelbarrow
14:34 Double-Bit Axe
23:31 Fishing Lines
27:31 Castle Age
28:41 Medium Warships
28:35 Gillnets
29:56 Hand Cart
29:44 Town Patrol
33:01 Bow Saw
32:33 Horse Collar
36:07 Fletching
36:31 Forging
36:12 Arson
36:13 Gambesons
38:52 Ballistics
38:50 Clinker Construction
nobody
6:34 Loom
12:05 Feudal Age
12:50 Double-Bit Axe
13:06 Gold Mining
15:24 Fletching
15:19 Man-at-Arms
16:04 Long Swordsman
20:11 Scale Mail Armor
23:19 Castle Age
22:47 Forging
24:16 Medium Warships
24:03 Bodkin Arrow
24:30 Two-Handed Swordsman
25:21 Gambesons
25:40 Squires
26:19 Arson
26:53 Chain Mail Armor
28:38 Iron Casting
29:37 Bow Saw
35:54 Imperial Age
35:31 Padded Archer Armor
36:02 Stone Mining
39:53 Ballistics
Snorkiss89
3:59 Loom
10:35 Feudal Age
11:29 Double-Bit Axe
11:49 Fishing Lines
14:18 Fletching
15:36 Wheelbarrow
20:30 Horse Collar
22:41 Town Watch
26:22 Castle Age
24:41 Scale Mail Armor
25:35 Forging
25:56 Arson
25:44 Man-at-Arms
27:23 Chain Mail Armor
26:30 Long Swordsman
27:10 Squires
26:56 Gambesons
27:30 Gold Mining
29:30 Gold Shaft Mining
30:15 Bodkin Arrow
34:14 Imperial Age
32:15 Hand Cart
32:13 Stone Mining
32:25 Heavy Plow
32:37 Bow Saw
34:06 Iron Casting
34:27 Two-Handed Swordsman
36:08 Plate Mail Armor
36:12 Champion
38:21 Blast Furnace
39:36 Hamask
Exist2Destroy
3:13 Loom
12:02 Feudal Age
13:03 Double-Bit Axe
14:04 Fishing Lines
16:47 Fletching
20:13 Castle Age
20:24 Padded Archer Armor
23:33 Bow Saw
23:17 Gold Mining
23:18 Stone Mining
23:58 Medium Warships
23:43 Gillnets
32:10 Ballistics
32:40 Thumb Ring
斷頭將軍拒當逃兵
3:11 Loom
11:37 Feudal Age
16:36 Castle Age
16:48 Double-Bit Axe
17:49 Bow Saw
19:34 Horse Collar
26:26 Imperial Age
24:33 Wheelbarrow
24:19 Heavy Plow
28:06 Forging
28:01 Scale Barding Armor
30:02 Iron Casting
30:15 Chain Barding Armor
29:17 Elite Mameluke
30:36 Conscription
35:22 Blast Furnace
34:57 Plate Barding Armor
35:24 Plate Barding Armor
35:27 Bloodlines
35:49 Husbandry
38:05 Gold Mining
38:06 Stone Mining
Connection lost

Rejoining the realm…

Still unreachable

The connection could not be restored.

Session expired

The server has moved on; the page needs a fresh start.